 Dungeon Crawl Stone Soup version 0.20.1-1-g8b1a95d (webtiles) character file.

9292 dohliylev the Covert (level 11, -14/79 HPs)
             Began as a Vampire Enchanter on Dec 26, 2017.
             Was a High Priest of Makhleb.
             Killed by dispel undead
             ... invoked by Josephine
              (42 damage)
             ... on level 11 of the Dungeon.
             The game lasted 00:44:20 (13021 turns).

dohliylev the Covert (Vampire Enchanter)           Turns: 13021, Time: 00:44:21

Health: -14/79     AC:  3    Str: 12    XL:     11   Next: 21%
Magic:  4/14       EV: 18    Int: 22    God:    Makhleb [*****.]
Gold:   563        SH:  0    Dex: 14    Spells: 8/14 levels left

rFire    . . .     SeeInvis +   a - +1 dagger
rCold    + . .     Gourm    .   (no shield)
rNeg     + + .     Faith    +   b - +0 robe
rPois    +         Spirit   .   (no helmet)
rElec    .         Reflect  .   (no cloak)
rCorr    .         Harm     .   (no gloves)
MR       +....                  e - +0 pair of boots
Stlth    ++++++....             k - amulet of faith
Regen    0.2/turn               v - +5 ring of strength
MPRegen  0.2/turn               H - ring of wizardry

@: regenerating slowly
A: fangs 3, see invisible, unbreathing
a: Bat Form, Minor Destruction, Lesser Servant of Makhleb, Major Destruction,
Greater Servant of Makhleb, Renounce Religion


You were on level 11 of the Dungeon.
You worshipped Makhleb.
Makhleb was extremely pleased with you.
You were thirsty.

You visited 3 branches of the dungeon, and saw 13 of its levels.

You collected 563 gold pieces.

Inventory:

Hand Weapons
 a - a +1 dagger (weapon)
Armour
 b - a +0 robe (worn)
 e - a +0 pair of boots (worn)
Jewellery
 c - an uncursed ring of protection from cold
 k - an amulet of faith (around neck)
 v - a +5 ring of strength (left hand)
 y - an uncursed ring of protection from magic
 H - a ring of wizardry (right hand)
Wands
 p - a wand of lightning (8/15)
 w - a wand of confusion (17/48)
 A - a wand of lightning (10/15)
 B - a wand of clouds (5/9)
 C - a wand of flame (13/48)
Scrolls
 i - 7 scrolls of remove curse {unknown}
 j - a scroll of enchant armour {unknown}
 m - 2 scrolls of blinking {unknown}
 n - 7 scrolls of identify {unknown}
 o - 7 scrolls of teleportation {unknown}
 s - 5 scrolls of immolation {unknown}
 t - 2 scrolls of magic mapping {unknown}
 z - a scroll of random uselessness {unknown}
 D - a scroll of amnesia {unknown}
 E - a scroll of noise {unknown}
 F - a scroll of fog {unknown}
 J - a scroll of fear {unknown}
 K - a scroll of vulnerability {unknown}
Potions
 d - 4 potions of blood
 f - 4 potions of mutation {unknown}
 g - a potion of magic
 h - 2 potions of agility {unknown}
 l - 2 potions of invisibility {unknown}
 q - 4 potions of heal wounds {unknown}
 r - 3 potions of berserk rage {unknown}
 u - 3 potions of curing {unknown}
 x - a potion of brilliance {unknown}
 G - a potion of flight {unknown}
 I - 2 potions of lignification {unknown}
 L - a potion of might {unknown}


   Skills:
 - Level 5.0 Fighting
 - Level 8.5 Short Blades
 - Level 10.0 Dodging
 + Level 13.0 Stealth
 - Level 2.0 Spellcasting
 - Level 11.4 Hexes
 - Level 0.2 Ice Magic
 - Level 3.2 Invocations


You had 8 spell levels left.
You knew the following spells:

 Your Spells              Type           Power        Failure   Level  Hunger
a - Corona                Hex            ######.      1%          1    #......
b - Ensorcelled Hibernat  Hex/Ice        ####..       1%          2    ##.....
c - Confuse               Hex            ######..     1%          3    ###....


Dungeon Overview and Level Annotations

Branches:
Dungeon (11/15)            Temple (1/1) D:7            Lair (1/6) D:10
    Orc: D:9-12

Altars:
Ashenzari
Cheibriados
Dithmenos
Elyvilon
Fedhas
Gozag
Hepliaklqana
Kikubaaqudgha
Makhleb
Nemelex Xobeh
Okawaru
Qazlal
Ru
Sif Muna
Trog
Uskayaw
Vehumet
Xom
Yredelemnul
Zin
The Shining One

Shops:
D:5 !   D:7 *

Annotations:
D:11 Josephine


Innate Abilities, Weirdness & Mutations

You heal slowly.
You have razor-sharp teeth.
You have supernaturally acute eyesight. (SInv)
You can survive without breathing.


Message History

Josephine is lightly wounded.
Josephine casts a spell at you.
You convulse!
Ouch! That really hurt!
Casting: Confuse
Confirm with . or Enter, or press ? or * to list all spells.
Aiming: Ensorcelled Hibernation
Press: ? - help, Shift-Dir - straight line, f - Josephine
Aim: Josephine, wielding a dagger of venom and wearing a robe (lightly wounded, chance to defeat MR: 23%)
Okay, then.
Casting: Ensorcelled Hibernation
Confirm with . or Enter, or press ? or * to list all spells.
Aiming: Confuse
Press: ? - help, Shift-Dir - straight line, f - Josephine
Aim: Josephine, wielding a dagger of venom and wearing a robe (lightly wounded, chance to defeat MR: 38%) Josephine resists with some effort.
Josephine points at you and mumbles some strange words.
You convulse!
Ouch! That really hurt!
You die...

######.# #.@@WW.#
# #.###### .# #.#
#####.# #.#
.[...)#########.#
#..<.........##.#
#.###.##.###.##.#
#.# #.##.##...#.#
#.# #...........#


You could see Josephine and 2 wraiths.

Vanquished Creatures
  The ghost of Vodalian the Fighter, a journeyman GrBe of Trog (Lair:1)
  The ghost of wojtek the Cleaver, a novice MiFi of Makhleb (D:9)
  A manticore (D:9)
  A black mamba (Lair:1)
  Joseph (D:10)
  A gargoyle (D:9)
  A troll (D:10)
  12 yaks
  A wyvern (D:10)
  2 wraiths (D:11)
  A hungry ghost (D:7)
  A water moccasin (D:7)
  5 orc warriors
  2 phantoms
  An eye of draining (D:8)
  6 ogres
  2 necrophages (D:7)
  4 centaurs
  The ghost of bmj180 the Shield-Bearer, an amateur GrFi (D:3)
  2 big kobolds
  A bullfrog (D:8)
  A wyvern zombie (D:9)
  5 scorpions
  2 howler monkeys
  3 electric eels (D:10)
  A jelly (D:9)
  5 crimson imps
  A quasit (D:10)
  2 centaur zombies
  2 orc priests
  2 centaur skeletons
  13 hounds
  An iguana (D:10)
  2 orc wizards (D:6)
  Natasha (thrice) (D:2)
  10 worker ants
  2 hound skeletons
  A gnoll (D:9)
  8 adders
  3 shadow imps
  3 oozes
  An adder skeleton (D:4)
  A worm (D:2)
  2 dart slugs
  7 leopard geckos
  23 orcs
  5 bats
  7 giant cockroaches
  10 goblins
  12 hobgoblins
  9 jackals
  5 quokkas
  2 ball pythons
  6 frilled lizards
  20 kobolds
  A leopard gecko zombie (D:5)
  A quokka skeleton (D:7)
  2 quokka zombies
  6 rats
238 creatures vanquished.

Vanquished Creatures (collateral kills)
  The ghost of OnekoMk1 the Thaumaturge, a novice DEAE of Vehumet (D:6)
1 creature vanquished.

Vanquished Creatures (others)
  2 fungi (Lair:1)
  A plant (Lair:1)
3 creatures vanquished.

Grand Total: 242 creatures vanquished

Notes
Turn   | Place    | Note
-------+----------+-------------------------------------------
     0 | D:1      | dohliylev the Vampire Enchanter began the quest for the Orb.
     0 | D:1      | Reached XP level 1. HP: 13/13 MP: 3/3
     6 | D:1      | Noticed a wyvern
     6 | D:1      | Noticed a lindwurm
     6 | D:1      | Noticed a wolf
     7 | D:1      | Noticed a black mamba
     7 | D:1      | Noticed a killer bee
   336 | D:1      | Reached skill level 5 in Stealth
   494 | D:1      | Reached XP level 2. HP: 19/19 MP: 5/5
   498 | D:1      | Learned a level 2 spell: Ensorcelled Hibernation
   729 | D:2      | Noticed Natasha
   737 | D:2      | Killed Natasha
   737 | D:2      | Reached skill level 6 in Stealth
   737 | D:2      | Reached XP level 3. HP: 24/24 MP: 4/6
  1203 | D:2      | Reached XP level 4. HP: 27/30 MP: 4/7
  1359 | D:4      | Learned a level 3 spell: Confuse
  1360 | D:5      | Entered Level 5 of the Dungeon
  1362 | D:5      | Found a shattered altar of Ashenzari.
  1363 | D:5      | Found an opulent altar of Gozag.
  1475 | D:5      | Found Wekhlol's Distillery.
  1562 | D:5      | Reached skill level 5 in Hexes
  1630 | D:5      | Reached XP level 5. HP: 32/35 MP: 2/8
  1685 | D:5      | Noticed a centaur
  1692 | D:5      | Killed a centaur
  1732 | D:5      | Noticed an ogre
  1734 | D:5      | Killed an ogre
  1734 | D:5      | Reached skill level 7 in Stealth
  1734 | D:5      | Reached XP level 6. HP: 41/41 MP: 9/9
  1831 | D:6      | Reached skill level 8 in Stealth
  2046 | D:6      | Found a white marble altar of Elyvilon.
  2077 | D:6      | Found an ancient bone altar of Kikubaaqudgha.
  2079 | D:6      | Found a shimmering altar of Xom.
  2099 | D:6      | You fall through a shaft for 3 floors!
  2104 | D:9      | Noticed wojtek's ghost (novice MiFi)
  2148 | D:8      | Reached skill level 9 in Stealth
  2164 | D:8      | Found a burning altar of Makhleb.
  2173 | D:8      | Became a worshipper of Makhleb the Destroyer
  2217 | D:8      | Noticed an orc warrior
  2220 | D:8      | Noticed an orc warrior
  2287 | D:7      | Noticed an orc warrior
  2303 | D:7      | Killed an orc warrior
  2303 | D:7      | Reached skill level 10 in Stealth
  2303 | D:7      | Reached XP level 7. HP: 46/46 MP: 4/10
  2685 | D:3      | Reached skill level 1 in Invocations
  2925 | D:2      | Noticed Natasha
  2930 | D:2      | Killed Natasha
  2946 | D:2      | Noticed Natasha
  2963 | D:2      | Killed Natasha
  3106 | D:1      | Reached * piety under Makhleb
  4134 | D:3      | Reached ** piety under Makhleb
  4230 | D:3      | Found a snail-covered altar of Cheibriados.
  4230 | D:3      | Noticed bmj180's ghost (amateur GrFi)
  5045 | D:3      | Killed bmj180's ghost
  5287 | D:4      | Reached XP level 8. HP: 52/52 MP: 11/11
  5559 | D:4      | Found a shadowy altar of Dithmenos.
  5819 | D:5      | Reached skill level 5 in Short Blades
  5861 | D:5      | Found a sacrificial altar of Ru.
  5882 | D:5      | Reached skill level 1 in Fighting
  6210 | D:5      | Found a glowing golden altar of the Shining One.
  7076 | D:6      | Reached *** piety under Makhleb
  7389 | D:6      | Found a bloodstained altar of Trog.
  7418 | D:6      | Noticed OnekoMk1's ghost (novice DEAE)
  7447 | D:6      | Killed OnekoMk1's ghost
  7499 | D:7      | Reached skill level 5 in Fighting
  7499 | D:7      | Reached XP level 9. HP: 31/68 MP: 4/12
  7506 | D:7      | Reached skill level 11 in Stealth
  7723 | D:7      | Found a staircase to the Ecumenical Temple.
  7893 | D:7      | Reached skill level 5 in Dodging
  7965 | D:7      | Found Ifetuoss's General Store.
  8297 | D:7      | Reached skill level 12 in Stealth
  8480 | Temple   | Entered the Ecumenical Temple
  9700 | D:9      | Noticed a gargoyle
  9812 | D:9      | Killed a gargoyle
  9812 | D:9      | Reached **** piety under Makhleb
 10375 | D:9      | Killed wojtek's ghost
 10375 | D:9      | Reached XP level 10. HP: 74/74 MP: 6/13
 10543 | D:9      | Reached skill level 10 in Dodging
 10605 | D:9      | Found a basalt altar of Yredelemnul.
 10606 | D:9      | Found a radiant altar of Vehumet.
 10640 | D:9      | Found a shadowy altar of Dithmenos.
 10812 | D:9      | Noticed a manticore
 10815 | D:9      | Killed a manticore
 10833 | D:9      | Found an opulent altar of Gozag.
 10971 | D:10     | Entered Level 10 of the Dungeon
 11000 | D:10     | Found a staircase to the Lair.
 11190 | Lair:1   | Entered Level 1 of the Lair of Beasts
 11273 | Lair:1   | Noticed an eight-headed hydra
 11754 | Lair:1   | Noticed Vodalian's ghost (journeyman GrBe)
 11760 | Lair:1   | Noticed a black mamba
 11767 | Lair:1   | Killed a black mamba
 11810 | Lair:1   | Killed Vodalian's ghost
 11810 | Lair:1   | Reached skill level 10 in Hexes
 11854 | Lair:1   | Noticed a six-headed hydra
 11881 | Lair:1   | Noticed a spiny frog
 12109 | D:9      | Reached ***** piety under Makhleb
 12285 | D:10     | Reached XP level 11. HP: 79/79 MP: 11/14
 12418 | D:10     | Found a burning altar of Makhleb.
 12581 | D:10     | Noticed Joseph
 12934 | D:10     | Killed Joseph
 13008 | D:11     | Noticed Josephine
 13019 | D:11     | Reached skill level 13 in Stealth
 13021 | D:11     | Killed from afar by Josephine

Skill      XL: |  1  2  3  4  5  6  7  8  9 10 11 |
---------------+----------------------------------+-----
Stealth        | 5 6 7 10 12 13 | 13.0
Dodging        | 3 4 9 10 | 10.0
Short Blades   | 2 4 5 8 |  8.5
Hexes          | 5 7 10 11 | 11.4
Invocations    | 3 |  3.2
Fighting       | 5 |  5.0
Spellcasting   | |  2.0
Ice Magic      | |  0.2

Action                   |  1- 3 |  4- 6 |  7- 9 | 10-12 || total
-------------------------+-------+-------+-------+-------++-------
Melee: Dagger            |    94 |    36 |   367 |   174 ||   671
       Bite              |     6 |     4 |    30 |    10 ||    50
 Cast: Corona            |     4 |       |     4 |     1 ||     9
       Ensorcelled Hiber |    16 |    20 |   162 |    54 ||   252
       Confuse           |       |     4 |    39 |    17 ||    60
Invok: Minor Destruction |       |       |    43 |    22 ||    65
       Lesser Servant of |       |       |     2 |       ||     2
 Abil: End Transformatio |       |       |       |     2 ||     2
       Bat Form          |       |       |       |     2 ||     2
  Use: Potion            |       |     5 |     3 |     1 ||     9
 Stab: Sleeping          |    12 |    14 |   107 |    38 ||   171
       Confused          |       |     2 |    16 |    10 ||    28
       Distracted        |       |       |     1 |       ||     1
  Eat: Corpse            |     6 |       |    26 |     7 ||    39
Armor: Robe              |    13 |     5 |    39 |     9 ||    66
Dodge: Dodged            |    57 |    14 |   173 |    99 ||   343
